Griffins vs Bruins

Created - Tuesday, February 03, 2015 at 00:01

Goals
1 2 3 T
Griffins 0 0 0 0
Bruins 1 0 1 2
Shots
1 2 3 T
Griffins 14 7 1 22
Bruins 5 14 11 30

1st period

1. Bruins , Kevin Czuczman 11 (John Mitchell A) at 13:04

Penalties :
Buddy Robinson (Pro) for Interference (Minor) at 1:07, Matt Marquardt (GRG) for Hooking (Minor) at 5:41, Patrick Bordeleau (Pro) for Slashing (Minor) at 13:29, Brandon Manning (Pro) for Holding (Minor) at 0:00

2nd period

No Goal

Penalties :
Patrick Wellar (GRG) for Diving (Minor) at 8:58, Brandon Manning (Pro) for Hooking (Minor) at 15:00, Mitchell Heard (GRG) for Hooking (Minor) at 19:59

3rd period

2. Bruins , Conor Allen 3 (Patrick Bordeleau, Anton Lander) at 1:35 (PP)

Penalties :
Derek Meech (GRG) for Hooking (Minor) at 5:15, Kellan Lain (GRG) for Spearing (Major / Game Misconduct) at 19:44

Goalie Stats

Joe Cannata (GRG), 28 saves from 30 shots - (0.933), L, 5-10-2, 60:00 minutes
Philipp Grubauer (Pro), 22 saves from 22 shots - (1.000), W, 27-3-7, 60:00 minutes

Players Stats for Griffins

Player Name              G  A  P  +/- PIM S  H  SB GA TA FO     MP     PP MP  PK MP  
------------------------------------------------------------------------------------
Adam Clendening          0  0  0   0  0   3  2  1  0  3  0/0    23:37   5:41   5:21 
Alden Hirschfeld         0  0  0   0  0   0  0  0  0  0  0/0     0:00   0:00   0:00 
Ben Eager                0  0  0   0  0   2  3  1  0  1  3/6    20:14   4:09   3:49 
Derek Meech              0  0  0   0  2   0  1  0  0  0  0/0    22:23   5:41   3:39 
Farm Player15            0  0  0  -1  0   0  1  0  0  1  0/0    15:29   0:00   0:48 
John McFarland           0  0  0   0  0   4  1  2  7  0  1/1    18:14   3:48   1:41 
Jordan Owens             0  0  0  -1  0   1  2  0  0  0  0/0     8:03   0:00   0:00 
Kellan Lain              0  0  0   0  15  1  0  1  1  3  4/5    15:12   0:00   0:00 
Mark Mancari             0  0  0   0  0   1  3  0  1  1  0/0    19:16   4:09   5:51 
Matt Marquardt           0  0  0   0  2   0  0  0  1  1  4/10   16:29   3:48   0:00 
Mike Angelidis           0  0  0   0  0   1  0  0  4  1  0/0    16:30   3:48   0:00 
Mike Keenan              0  0  0   0  0   1  3  1  1  0  0/0    20:53   2:16   2:27 
Mitchell Heard           0  0  0   0  2   1  3  1  2  2  0/0    17:07   0:00   2:33 
Patrick Wellar           0  0  0  -1  2   1  1  0  0  0  0/0    15:45   0:00   0:00 
Paul Thompson            0  0  0   0  0   3  1  0  1  0  0/1    16:37   0:00   0:00 
Robert Czarnik           0  0  0  -1  0   0  0  0  0  0  2/7     7:39   0:00   0:00 
Tyler Eckford            0  0  0   0  0   1  0  3  1  3  0/0    22:58   2:16   3:22 
Tyler Pitlick            0  0  0  -1  0   2  1  0  2  0  2/8    15:41   4:09   1:41 

Players Stats for Bruins

Player Name              G  A  P  +/- PIM S  H  SB GA TA FO     MP     PP MP  PK MP  
------------------------------------------------------------------------------------
Anton Lander             0  1  1   1  0   4  0  0  5  2  3/8    20:37   2:43   5:00 
Brandon Alderson         0  0  0   0  0   0  1  0  0  0  0/1    16:38   0:00   1:22 
Brandon Manning          0  0  0   0  4   1  0  0  1  1  0/0    13:35   0:00   0:00 
Buddy Robinson           0  0  0   0  2   0  1  0  0  0  0/0    17:39   3:51   0:00 
Conor Allen              1  0  1   0  0   1  0  1  1  1  0/0    20:20   2:43   3:03 
Dmitry Korobov           0  0  0   0  0   1  2  2  0  1  0/0    22:21   5:05   4:54 
Jake Newton              0  0  0   0  0   0  0  3  0  1  0/0    13:10   0:00   0:00 
John Mitchell A          0  1  1   1  0   0  1  0  0  0  1/1     8:34   0:04   0:00 
Kael Mouillierat         0  0  0   0  0   5  4  0  5  1  11/17  19:45   4:13   2:15 
Kevin Czuczman           1  0  1   1  0   4  3  0  2  2  0/0    26:30   5:05   4:54 
Magnus Nygren            0  0  0   1  0   1  0  0  0  0  0/0     4:09   0:00   0:00 
Marc Hagel               0  0  0   1  0   0  0  0  0  0  5/8     8:38   0:00   0:00 
Patrick Bordeleau        0  1  1   0  2   1  4  0  4  1  0/0    18:21   3:08   4:08 
Patrick Cehlin           0  0  0   0  0   3  0  1  2  1  0/0    14:04   0:26   0:00 
Raman Hrabarenka         0  0  0   0  0   1  0  1  0  2  0/0    20:20   2:43   3:03 
Scott Timmins            0  0  0   0  0   4  0  0  6  0  2/3    14:04   1:11   0:00 
Simon Moser              0  0  0   0  0   1  0  0  1  0  0/0    14:20   3:35   0:54 
Tim Sestito              0  0  0   0  0   3  2  0  2  0  0/0    18:55   4:13   2:15 

3 Stars

1 - Philipp Grubauer (Pro)
2 - Kevin Czuczman (Pro)
3 - Conor Allen (Pro)

Power Play

Griffins - 0 on 4 Attempt(s) - 0.00%
Bruins - 1 on 5 Attempt(s) - 20.00%

Penalty Kill

Griffins - 4 on 5 Attempt(s) - 80.00% - Score 0 goal in Penalty Kill
Bruins - 4 on 4 Attempt(s) - 100.00% - Score 0 goal in Penalty Kill

Team Stat

Griffins - Hits : 22 - Faceoff Wins : 16 - Blocked Shots : 10 - Penalty Minutes : 23
Bruins - Hits : 18 - Faceoff Wins : 22 - Blocked Shots : 8 - Penalty Minutes : 8

Official

Referees : Unknown
Linesman : Unknown

Game Notes

Kellan Lain ejected from game at 19:44 of 3rd period

Finance

Level 1 -- Attendance: 1350 (67.50%) -- Ticket Income $47,250
Level 2 -- Attendance: 808 (80.80%) -- Ticket Income $12,120
Total Attendance: 2158 (71.93%)
Total Ticket Income: $59,370
Other Income: $29,091
Total Income: $88,461

Griffins

5 vs 5 Forward 
   Center                   Left Wing                Right Wing               Time % Phy DF OF 
 1 Tyler Pitlick            Ben Eager                Mark Mancari             35     1   2  2  
 2 Matt Marquardt           Mike Angelidis           John McFarland           30     1   2  2  
 3 Kellan Lain              Mitchell Heard           Paul Thompson            22     1   2  2  
 4 Robert Czarnik           Jordan Owens             Ben Eager                13     1   2  2  

5 vs 5 Defense 
   Defense                  Defense                                           Time % Phy DF OF 
 1 Adam Clendening          Derek Meech                                       35     1   2  2  
 2 Tyler Eckford            Mike Keenan                                       30     1   2  2  
 3 Patrick Wellar           Farm Player15                                     22     1   2  2  
 4 Adam Clendening          Derek Meech                                       13     1   2  2  

PowerPlay Forward 
   Center                   Left Wing                Right Wing               Time % Phy DF OF 
 1 Tyler Pitlick            Ben Eager                Mark Mancari             60     1   2  2  
 2 Matt Marquardt           Mike Angelidis           John McFarland           40     1   2  2  

PowerPlay Defense
   Defense                  Defense                                           Time % Phy DF OF 
 1 Adam Clendening          Derek Meech                                       60     1   2  2  
 2 Tyler Eckford            Mike Keenan                                       40     1   2  2  

Penalty Kill 4 Players Forward 
   Center                   Wing                     Time % Phy DF OF 
 1 Ben Eager                Mark Mancari             60     1   2  2  
 2 John McFarland           Tyler Pitlick            40     1   2  2  

Penalty Kill 4 Players Defense
   Defense                  Defense                  Time % Phy DF OF 
 1 Adam Clendening          Derek Meech              60     1   2  2  
 2 Tyler Eckford            Mike Keenan              40     1   2  2  

Penalty Kill - 3 Players Forward 
   Forward                                           Time % Phy DF OF 
 1 Ben Eager                                         60     1   2  2  
 2 Mark Mancari                                      40     1   2  2  

Penalty Kill - 3 Players Defense
   Defense                  Defense                  Time % Phy DF OF 
 1 Adam Clendening          Derek Meech              60     1   2  2  
 2 Tyler Eckford            Mike Keenan              40     1   2  2  

4 vs 4 Forward 
   Center                   Wing                     Time % Phy DF OF 
 1 Ben Eager                Mark Mancari             60     1   2  2  
 2 John McFarland           Tyler Pitlick            40     1   2  2  

4 vs 4 Defense
   Defense                  Defense                  Time % Phy DF OF 
 1 Adam Clendening          Derek Meech              60     1   2  2  
 2 Tyler Eckford            Mike Keenan              40     1   2  2  

Last Minutes Offensive
   Center                   Left Wing                Right Wing               Defense                  Defense                  
   Tyler Pitlick            Ben Eager                Mark Mancari             Adam Clendening          Derek Meech              

Last Minutes Defensive
   Center                   Left Wing                Right Wing               Defense                  Defense                  
   Tyler Pitlick            Ben Eager                Mark Mancari             Adam Clendening          Derek Meech              

Goaltenders
Starting : Joe Cannata              
Backup : Jeff Deslauriers         

Extra Forwards
Normal : Paul Thompson, Kellan Lain, Mitchell Heard - PP : Paul Thompson, Kellan Lain - PK : Mitchell Heard
Extra Defensemen
Normal : Patrick Wellar, Farm Player15, Tyler Eckford - PP : Patrick Wellar - PK : Farm Player15, Tyler Eckford
Penalty Shots
Ben Eager, Mark Mancari, John McFarland, Tyler Pitlick, Mike Angelidis

Bruins

5 vs 5 Forward 
   Center                   Left Wing                Right Wing               Time % Phy DF OF 
 1 Anton Lander             Patrick Bordeleau        Simon Moser              35     1   2  2  
 2 Kael Mouillierat         Tim Sestito              Buddy Robinson           30     1   2  2  
 3 Scott Timmins            Patrick Cehlin           Brandon Alderson         22     1   2  2  
 4 Marc Hagel               John Mitchell A          Anton Lander             13     1   2  2  

5 vs 5 Defense 
   Defense                  Defense                                           Time % Phy DF OF 
 1 Kevin Czuczman           Dmitry Korobov                                    35     1   2  2  
 2 Raman Hrabarenka         Conor Allen                                       30     1   2  2  
 3 Brandon Manning          Jake Newton                                       22     1   2  2  
 4 Magnus Nygren            Kevin Czuczman                                    13     1   2  2  

PowerPlay Forward 
   Center                   Left Wing                Right Wing               Time % Phy DF OF 
 1 Anton Lander             Patrick Bordeleau        Simon Moser              60     1   2  2  
 2 Kael Mouillierat         Tim Sestito              Buddy Robinson           40     1   2  2  

PowerPlay Defense
   Defense                  Defense                                           Time % Phy DF OF 
 1 Kevin Czuczman           Dmitry Korobov                                    60     1   2  2  
 2 Raman Hrabarenka         Conor Allen                                       40     1   2  2  

Penalty Kill 4 Players Forward 
   Center                   Wing                     Time % Phy DF OF 
 1 Anton Lander             Patrick Bordeleau        60     1   2  2  
 2 Kael Mouillierat         Tim Sestito              40     1   2  2  

Penalty Kill 4 Players Defense
   Defense                  Defense                  Time % Phy DF OF 
 1 Kevin Czuczman           Dmitry Korobov           60     1   2  2  
 2 Raman Hrabarenka         Conor Allen              40     1   2  2  

Penalty Kill - 3 Players Forward 
   Forward                                           Time % Phy DF OF 
 1 Anton Lander                                      60     1   2  2  
 2 Patrick Bordeleau                                 40     1   2  2  

Penalty Kill - 3 Players Defense
   Defense                  Defense                  Time % Phy DF OF 
 1 Kevin Czuczman           Dmitry Korobov           60     1   2  2  
 2 Raman Hrabarenka         Conor Allen              40     1   2  2  

4 vs 4 Forward 
   Center                   Wing                     Time % Phy DF OF 
 1 Anton Lander             Patrick Bordeleau        60     1   2  2  
 2 Kael Mouillierat         Tim Sestito              40     1   2  2  

4 vs 4 Defense
   Defense                  Defense                  Time % Phy DF OF 
 1 Kevin Czuczman           Dmitry Korobov           60     1   2  2  
 2 Raman Hrabarenka         Conor Allen              40     1   2  2  

Last Minutes Offensive
   Center                   Left Wing                Right Wing               Defense                  Defense                  
   Anton Lander             Patrick Bordeleau        Simon Moser              Kevin Czuczman           Dmitry Korobov           

Last Minutes Defensive
   Center                   Left Wing                Right Wing               Defense                  Defense                  
   Anton Lander             Patrick Bordeleau        Simon Moser              Kevin Czuczman           Dmitry Korobov           

Goaltenders
Starting : Philipp Grubauer         
Backup : Andrey Makarov           

Extra Forwards
Normal : Scott Timmins, Patrick Cehlin, Brandon Alderson - PP : Scott Timmins, Patrick Cehlin - PK : Brandon Alderson
Extra Defensemen
Normal : Brandon Manning, Jake Newton, Magnus Nygren - PP : Brandon Manning - PK : Jake Newton, Magnus Nygren
Penalty Shots
Anton Lander, Patrick Bordeleau, Kael Mouillierat, Tim Sestito, Scott Timmins

% Time on Ice - Griffins

Lines # - Real PCT - Wanted PCT - Time Play
Normal Forward
1 - 21% - 35% - 9:16
2 - 30% - 30% - 13:11
3 - 32% - 22% - 14:09
4 - 17% - 13% - 7:39
Normal Defense
1 - 32% - 35% - 14:07
2 - 36% - 30% - 15:59
3 - 32% - 22% - 14:09
4 - 0% - 13% - 0:00
PP Forward
1 - 52% - 60% - 4:09
2 - 48% - 40% - 3:48
PP Defense
1 - 71% - 60% - 5:41
2 - 29% - 40% - 2:16
PK Forward
1 - 78% - 60% - 6:07
2 - 22% - 40% - 1:41
PK Defense
1 - 69% - 60% - 5:21
2 - 31% - 40% - 2:27
PK3 Forward
1 - 0% - 60%
2 - 0% - 40%
PK3 Defense
1 - 0% - 60%
2 - 0% - 40%
44 Forward
1 - 0% - 60%
2 - 0% - 40%
44 Defense
1 - 0% - 60%
2 - 0% - 40%
Last Minute Offensive  - 0:00
Last Minute Defensive  - 0:00
Total
Forward - 60:00
Defense - 60:00

% Time on Ice - Bruins

Lines # - Real PCT - Wanted PCT - Time Play
Normal Forward
1 - 26% - 35% - 11:25
2 - 27% - 30% - 12:08
3 - 28% - 22% - 12:31
4 - 18% - 13% - 8:11
Normal Defense
1 - 28% - 35% - 12:22
2 - 33% - 30% - 14:34
3 - 30% - 22% - 13:10
4 - 9% - 13% - 4:09
PP Forward
1 - 46% - 60% - 3:35
2 - 54% - 40% - 4:13
PP Defense
1 - 65% - 60% - 5:05
2 - 35% - 40% - 2:43
PK Forward
1 - 72% - 60% - 5:42
2 - 28% - 40% - 2:15
PK Defense
1 - 62% - 60% - 4:54
2 - 38% - 40% - 3:03
PK3 Forward
1 - 0% - 60%
2 - 0% - 40%
PK3 Defense
1 - 0% - 60%
2 - 0% - 40%
44 Forward
1 - 0% - 60%
2 - 0% - 40%
44 Defense
1 - 0% - 60%
2 - 0% - 40%
Last Minute Offensive  - 0:00
Last Minute Defensive  - 0:00
Total
Forward - 60:00
Defense - 60:00

Play by Play

1st period


0:01 of 1st period - Tyler Pitlick wins face-off versus Anton Lander in neutral zone.
0:18 of 1st period - Slapshot by Mark Mancari.
0:18 of 1st period - Shot Blocked by Dmitry Korobov.
0:20 of 1st period - Snap shot by Mark Mancari.
0:20 of 1st period - Stopped by Philipp Grubauer with a rebound.
0:22 of 1st period - Snap shot by Ben Eager.
0:22 of 1st period - Stopped by Philipp Grubauer without a rebound.
0:23 of 1st period - Matt Marquardt wins face-off versus Kael Mouillierat in Bruins zone.
0:29 of 1st period - Snap shot by John McFarland.
0:29 of 1st period - Shot Blocked by Raman Hrabarenka.
0:37 of 1st period - Wrist shot by John McFarland.
0:37 of 1st period - Stopped by Philipp Grubauer with a rebound.
0:39 of 1st period - Backhand shot by Mike Keenan.
0:39 of 1st period - Stopped by Philipp Grubauer with a rebound.
0:41 of 1st period - Slapshot by Mike Angelidis.
0:41 of 1st period - Deflect By John McFarland.
0:41 of 1st period - Shot Misses the Net.
0:41 of 1st period - Puck is out of play.
0:42 of 1st period - Kael Mouillierat wins face-off versus Matt Marquardt in Bruins zone.
1:07 of 1st period - Minor Penalty to Buddy Robinson for Interference.
1:08 of 1st period - Anton Lander wins face-off versus Tyler Pitlick in Bruins zone.
1:16 of 1st period - Anton Lander is hit by Mark Mancari and loses puck.
1:31 of 1st period - Wrist shot by Tyler Pitlick.
1:31 of 1st period - Shot Misses the Net.
1:33 of 1st period - Slapshot by Adam Clendening.
1:33 of 1st period - Deflect By Anton Lander.
1:33 of 1st period - Stopped by Philipp Grubauer with a rebound.
2:05 of 1st period - Kevin Czuczman is hit by John McFarland and loses puck.
2:25 of 1st period - Snap shot by Kael Mouillierat.
2:25 of 1st period - Stopped by Joe Cannata with a rebound.
3:07 of 1st period - Penalty to Buddy Robinson is over, Buddy Robinson is back on ice.
3:41 of 1st period - Wrist shot by Paul Thompson.
3:41 of 1st period - Stopped by Philipp Grubauer with a rebound.
3:43 of 1st period - Slapshot by Patrick Wellar.
3:43 of 1st period - Stopped by Philipp Grubauer with a rebound.
4:21 of 1st period - Patrick Cehlin is hit by Jordan Owens and loses puck.
4:48 of 1st period - Wrist shot by John McFarland.
4:48 of 1st period - Stopped by Philipp Grubauer with a rebound.
4:50 of 1st period - Wrist shot by John McFarland.
4:50 of 1st period - Stopped by Philipp Grubauer without a rebound.
4:51 of 1st period - Kael Mouillierat wins face-off versus Matt Marquardt in Bruins zone.
4:51 of 1st period - Kael Mouillierat is hit by Adam Clendening.
4:59 of 1st period - Snap shot by Tim Sestito.
4:59 of 1st period - Shot Misses the Net.
5:01 of 1st period - Slapshot by Tim Sestito.
5:01 of 1st period - Shot Blocked by Adam Clendening.
5:03 of 1st period - Slapshot by Kevin Czuczman.
5:03 of 1st period - Shot Misses the Net.
5:41 of 1st period - Minor Penalty to Matt Marquardt for Hooking.
5:42 of 1st period - Ben Eager wins face-off versus Kael Mouillierat in Griffins zone.
6:19 of 1st period - Tyler Eckford is hit by Tim Sestito and loses puck.
7:41 of 1st period - Penalty to Matt Marquardt is over, Matt Marquardt is back on ice.
7:49 of 1st period - Paul Thompson is hit by Dmitry Korobov and loses puck.
8:06 of 1st period - Wrist shot by Scott Timmins.
8:06 of 1st period - Shot Misses the Net.
8:08 of 1st period - Snap shot by Scott Timmins.
8:08 of 1st period - Deflect By Brandon Alderson.
8:08 of 1st period - Shot Blocked by Mitchell Heard.
8:08 of 1st period - Puck is out of play.
8:09 of 1st period - Robert Czarnik wins face-off versus Scott Timmins in Griffins zone.
10:05 of 1st period - Slapshot by Tim Sestito.
10:05 of 1st period - Shot Misses the Net.
10:51 of 1st period - Patrick Cehlin is hit by Mike Keenan and loses puck.
11:34 of 1st period - Marc Hagel is hit by Mitchell Heard and loses puck.
12:05 of 1st period - Conor Allen is hit by Derek Meech and loses puck.
12:26 of 1st period - Kevin Czuczman is hit by Tyler Pitlick and loses puck.
12:45 of 1st period - Slapshot by Tyler Pitlick.
12:45 of 1st period - Shot Misses the Net.
12:47 of 1st period - Snap shot by Jordan Owens.
12:47 of 1st period - Deflect By Tyler Pitlick.
12:47 of 1st period - Shot Blocked by Patrick Cehlin.
12:47 of 1st period - Puck is out of play.
12:48 of 1st period - John Mitchell A wins face-off versus Robert Czarnik in Bruins zone.
13:00 of 1st period - Slapshot by Kevin Czuczman.
13:00 of 1st period - Stopped by Joe Cannata with a rebound.
13:02 of 1st period - Backhand shot by Kevin Czuczman.
13:02 of 1st period - Shot Misses the Net.
13:04 of 1st period - Slapshot by Kevin Czuczman.
13:04 of 1st period - Goal by Kevin Czuczman - Griffins : 0 - Bruins : 1.
13:05 of 1st period - Kael Mouillierat wins face-off versus Paul Thompson in neutral zone.
13:07 of 1st period - Off-side.
13:08 of 1st period - Kellan Lain wins face-off versus Kael Mouillierat in neutral zone.
13:17 of 1st period - Snap shot by Mitchell Heard.
13:17 of 1st period - Stopped by Philipp Grubauer with a rebound.
13:19 of 1st period - Slapshot by Adam Clendening.
13:19 of 1st period - Shot Misses the Net.
13:21 of 1st period - Wrist shot by Adam Clendening.
13:21 of 1st period - Shot Blocked by Conor Allen.
13:23 of 1st period - Snap shot by Paul Thompson.
13:23 of 1st period - Stopped by Philipp Grubauer with a rebound.
13:25 of 1st period - Wrist shot by Adam Clendening.
13:25 of 1st period - Deflect By Paul Thompson.
13:25 of 1st period - Shot Misses the Net.
13:25 of 1st period - Puck is out of play.
13:26 of 1st period - Anton Lander wins face-off versus Tyler Pitlick in Bruins zone.
13:26 of 1st period - Anton Lander is hit by Mark Mancari.
13:29 of 1st period - Minor Penalty to Patrick Bordeleau for Slashing.
13:30 of 1st period - Tyler Pitlick wins face-off versus Anton Lander in Bruins zone.
15:06 of 1st period - Kael Mouillierat is hit by Ben Eager and loses puck.
15:29 of 1st period - Penalty to Patrick Bordeleau is over, Patrick Bordeleau is back on ice.
15:36 of 1st period - Icing by Kevin Czuczman.
15:37 of 1st period - Kellan Lain wins face-off versus Brandon Alderson in Bruins zone.
16:14 of 1st period - Snap shot by Kellan Lain.
16:14 of 1st period - Shot Misses the Net.
16:34 of 1st period - Wrist shot by Jordan Owens.
16:34 of 1st period - Shot Blocked by Dmitry Korobov.
16:44 of 1st period - Wrist shot by Ben Eager.
16:44 of 1st period - Stopped by Philipp Grubauer with a rebound.
18:06 of 1st period - Slapshot by Tim Sestito.
18:06 of 1st period - Shot Misses the Net.
18:08 of 1st period - Slapshot by Jake Newton.
18:08 of 1st period - Deflect By Tim Sestito.
18:08 of 1st period - Stopped by Joe Cannata with a rebound.
18:14 of 1st period - Snap shot by Tim Sestito.
18:14 of 1st period - Deflect By Kael Mouillierat.
18:14 of 1st period - Shot Misses the Net.
18:14 of 1st period - Puck is out of play.
18:15 of 1st period - Marc Hagel wins face-off versus Tyler Pitlick in Griffins zone.
18:36 of 1st period - Wrist shot by Anton Lander.
18:36 of 1st period - Shot Blocked by Ben Eager.
18:38 of 1st period - Snap shot by Anton Lander.
18:38 of 1st period - Shot Misses the Net.
18:40 of 1st period - Snap shot by Anton Lander.
18:40 of 1st period - Stopped by Joe Cannata with a rebound.
19:30 of 1st period - Snap shot by John McFarland.
19:30 of 1st period - Shot Misses the Net.
19:32 of 1st period - Wrist shot by Mike Angelidis.
19:32 of 1st period - Stopped by Philipp Grubauer with a rebound.
19:34 of 1st period - Wrist shot by Tyler Eckford.
19:34 of 1st period - Shot Blocked by Jake Newton.
19:36 of 1st period - Slapshot by Tyler Eckford.
19:36 of 1st period - Stopped by Philipp Grubauer with a rebound.
19:38 of 1st period - Slapshot by Tyler Eckford.
19:38 of 1st period - Deflect By Matt Marquardt.
19:38 of 1st period - Shot Blocked by Jake Newton.
19:38 of 1st period - Puck is out of play.
19:39 of 1st period - Marc Hagel wins face-off versus Kellan Lain in Bruins zone.
Goals for this period are 0 for Griffins vs 1 for Bruins.
Shots for this period are 14 for Griffins vs 5 for Bruins.
0:00 of 2nd period - Minor Penalty to Brandon Manning for Holding.
Goals for this period are 0 for Griffins vs 1 for Bruins.
Shots for this period are 14 for Griffins vs 5 for Bruins.

2nd period


0:01 of 2nd period - Anton Lander wins face-off versus Tyler Pitlick in neutral zone.
0:20 of 2nd period - Snap shot by Tyler Pitlick.
0:20 of 2nd period - Stopped by Philipp Grubauer with a rebound.
0:22 of 2nd period - Snap shot by Adam Clendening.
0:22 of 2nd period - Stopped by Philipp Grubauer with a rebound.
0:54 of 2nd period - John McFarland is hit by Kevin Czuczman and loses puck.
1:11 of 2nd period - Snap shot by Kael Mouillierat.
1:11 of 2nd period - Shot Misses the Net.
2:00 of 2nd period - Penalty to Brandon Manning is over, Brandon Manning is back on ice.
2:47 of 2nd period - Backhand shot by Scott Timmins.
2:47 of 2nd period - Shot Blocked by Kellan Lain.
4:11 of 2nd period - Snap shot by Paul Thompson.
4:11 of 2nd period - Stopped by Philipp Grubauer with a rebound.
4:13 of 2nd period - Wrist shot by Paul Thompson.
4:13 of 2nd period - Shot Misses the Net.
4:15 of 2nd period - Snap shot by Adam Clendening.
4:15 of 2nd period - Shot Misses the Net.
4:43 of 2nd period - John McFarland is hit by Brandon Alderson.
4:59 of 2nd period - Slapshot by Adam Clendening.
4:59 of 2nd period - Stopped by Philipp Grubauer without a rebound.
5:00 of 2nd period - Robert Czarnik wins face-off versus Kael Mouillierat in Bruins zone.
5:05 of 2nd period - Snap shot by Jordan Owens.
5:05 of 2nd period - Stopped by Philipp Grubauer with a rebound.
5:07 of 2nd period - Slapshot by Ben Eager.
5:07 of 2nd period - Shot Misses the Net.
5:25 of 2nd period - Snap shot by Kael Mouillierat.
5:25 of 2nd period - Shot Blocked by Tyler Eckford.
5:32 of 2nd period - Off-side.
5:33 of 2nd period - Scott Timmins wins face-off versus Tyler Pitlick in neutral zone.
6:20 of 2nd period - Icing by Mike Angelidis.
6:21 of 2nd period - Matt Marquardt wins face-off versus Kael Mouillierat in Griffins zone.
6:21 of 2nd period - Matt Marquardt is hit by Tim Sestito.
6:53 of 2nd period - Anton Lander is hit by Paul Thompson and loses puck.
7:20 of 2nd period - Slapshot by Patrick Cehlin.
7:20 of 2nd period - Stopped by Joe Cannata with a rebound.
7:34 of 2nd period - Snap shot by Scott Timmins.
7:34 of 2nd period - Shot Misses the Net.
7:54 of 2nd period - Snap shot by Kael Mouillierat.
7:54 of 2nd period - Stopped by Joe Cannata without a rebound.
7:55 of 2nd period - Kael Mouillierat wins face-off versus Matt Marquardt in Griffins zone.
8:47 of 2nd period - Anton Lander is hit by Mitchell Heard.
8:58 of 2nd period - Minor Penalty to Patrick Wellar for Diving.
8:59 of 2nd period - Kael Mouillierat wins face-off versus Ben Eager in Griffins zone.
9:15 of 2nd period - Slapshot by Dmitry Korobov.
9:15 of 2nd period - Shot Misses the Net.
9:17 of 2nd period - Slapshot by Buddy Robinson.
9:17 of 2nd period - Shot Misses the Net.
9:44 of 2nd period - Anton Lander is hit by Mark Mancari and loses puck.
10:29 of 2nd period - Wrist shot by Patrick Bordeleau.
10:29 of 2nd period - Stopped by Joe Cannata with a rebound.
10:31 of 2nd period - Slapshot by Kevin Czuczman.
10:31 of 2nd period - Stopped by Joe Cannata with a rebound.
10:33 of 2nd period - Slapshot by Kevin Czuczman.
10:33 of 2nd period - Shot Misses the Net.
10:39 of 2nd period - Snap shot by Patrick Bordeleau.
10:39 of 2nd period - Shot Misses the Net.
10:41 of 2nd period - Snap shot by Scott Timmins.
10:41 of 2nd period - Shot Misses the Net.
10:58 of 2nd period - Penalty to Patrick Wellar is over, Patrick Wellar is back on ice.
11:40 of 2nd period - Jake Newton is hit by Patrick Wellar and loses puck.
12:06 of 2nd period - Snap shot by Anton Lander.
12:06 of 2nd period - Stopped by Joe Cannata without a rebound.
12:07 of 2nd period - Kellan Lain wins face-off versus Marc Hagel in Griffins zone.
12:47 of 2nd period - Icing by Ben Eager.
12:48 of 2nd period - Marc Hagel wins face-off versus Robert Czarnik in Griffins zone.
12:51 of 2nd period - Snap shot by Anton Lander.
12:51 of 2nd period - Shot Misses the Net.
12:53 of 2nd period - Slapshot by Dmitry Korobov.
12:53 of 2nd period - Stopped by Joe Cannata without a rebound.
12:54 of 2nd period - Marc Hagel wins face-off versus Matt Marquardt in Griffins zone.
12:58 of 2nd period - Icing by Mike Keenan.
12:59 of 2nd period - Marc Hagel wins face-off versus Matt Marquardt in Griffins zone.
14:04 of 2nd period - Patrick Cehlin is hit by Mike Keenan and loses puck.
14:13 of 2nd period - Wrist shot by Scott Timmins.
14:13 of 2nd period - Shot Blocked by Tyler Eckford.
14:15 of 2nd period - Wrist shot by Scott Timmins.
14:15 of 2nd period - Stopped by Joe Cannata with a rebound.
14:17 of 2nd period - Snap shot by Scott Timmins.
14:17 of 2nd period - Stopped by Joe Cannata with a rebound.
14:19 of 2nd period - Wrist shot by Scott Timmins.
14:19 of 2nd period - Stopped by Joe Cannata with a rebound.
14:21 of 2nd period - Snap shot by Brandon Alderson.
14:21 of 2nd period - Shot Blocked by Tyler Eckford.
15:00 of 2nd period - Minor Penalty to Brandon Manning for Hooking.
15:01 of 2nd period - Matt Marquardt wins face-off versus Anton Lander in Bruins zone.
15:50 of 2nd period - Tim Sestito is hit by Adam Clendening and loses puck.
16:37 of 2nd period - Snap shot by Mike Angelidis.
16:37 of 2nd period - Shot Misses the Net.
16:41 of 2nd period - Wrist shot by John McFarland.
16:41 of 2nd period - Stopped by Philipp Grubauer with a rebound.
17:00 of 2nd period - Penalty to Brandon Manning is over, Brandon Manning is back on ice.
17:23 of 2nd period - Backhand shot by Paul Thompson.
17:23 of 2nd period - Shot Blocked by Jake Newton.
17:39 of 2nd period - Snap shot by Kellan Lain.
17:39 of 2nd period - Stopped by Philipp Grubauer without a rebound.
17:40 of 2nd period - Kael Mouillierat wins face-off versus Robert Czarnik in Bruins zone.
17:44 of 2nd period - Off-side.
17:45 of 2nd period - Kael Mouillierat wins face-off versus Robert Czarnik in neutral zone.
18:10 of 2nd period - Snap shot by Tim Sestito.
18:10 of 2nd period - Stopped by Joe Cannata with a rebound.
18:34 of 2nd period - Snap shot by Patrick Cehlin.
18:34 of 2nd period - Shot Blocked by John McFarland.
18:36 of 2nd period - Wrist shot by Patrick Cehlin.
18:36 of 2nd period - Stopped by Joe Cannata with a rebound.
19:07 of 2nd period - Wrist shot by Anton Lander.
19:07 of 2nd period - Shot Misses the Net.
19:09 of 2nd period - Slapshot by Raman Hrabarenka.
19:09 of 2nd period - Stopped by Joe Cannata without a rebound.
19:10 of 2nd period - Kellan Lain wins face-off versus Marc Hagel in Griffins zone.
19:51 of 2nd period - Snap shot by Kael Mouillierat.
19:51 of 2nd period - Stopped by Joe Cannata with a rebound.
19:53 of 2nd period - Backhand shot by Brandon Manning.
19:53 of 2nd period - Stopped by Joe Cannata with a rebound.
19:59 of 2nd period - Minor Penalty to Mitchell Heard for Hooking.
Goals for this period are 0 for Griffins vs 0 for Bruins.
Shots for this period are 7 for Griffins vs 14 for Bruins.

3rd period


0:01 of 3rd period - Ben Eager wins face-off versus Anton Lander in neutral zone.
0:36 of 3rd period - Wrist shot by Anton Lander.
0:36 of 3rd period - Shot Misses the Net.
0:52 of 3rd period - Mark Mancari is hit by Kael Mouillierat and loses puck.
1:08 of 3rd period - Kevin Czuczman is hit by Ben Eager and loses puck.
1:31 of 3rd period - Snap shot by Anton Lander.
1:31 of 3rd period - Stopped by Joe Cannata with a rebound.
1:33 of 3rd period - Wrist shot by Patrick Bordeleau.
1:33 of 3rd period - Shot Misses the Net.
1:35 of 3rd period - Slapshot by Conor Allen.
1:35 of 3rd period - Goal by Conor Allen - Griffins : 0 - Bruins : 2.
1:36 of 3rd period - Scott Timmins wins face-off versus Matt Marquardt in neutral zone.
1:59 of 3rd period - Wrist shot by Mike Angelidis.
1:59 of 3rd period - Shot Misses the Net.
2:29 of 3rd period - Paul Thompson is hit by Kael Mouillierat and loses puck.
2:48 of 3rd period - Patrick Wellar is hit by Buddy Robinson and loses puck.
3:26 of 3rd period - Ben Eager is hit by Patrick Bordeleau and loses puck.
4:02 of 3rd period - Kevin Czuczman is hit by Ben Eager and loses puck.
4:25 of 3rd period - Kevin Czuczman is hit by Farm Player15.
5:07 of 3rd period - Wrist shot by Tim Sestito.
5:07 of 3rd period - Stopped by Joe Cannata with a rebound.
5:09 of 3rd period - Wrist shot by Kael Mouillierat.
5:09 of 3rd period - Stopped by Joe Cannata with a rebound.
5:11 of 3rd period - Snap shot by Kael Mouillierat.
5:11 of 3rd period - Stopped by Joe Cannata without a rebound.
5:12 of 3rd period - Matt Marquardt wins face-off versus Marc Hagel in Griffins zone.
5:12 of 3rd period - Matt Marquardt is hit by John Mitchell A.
5:15 of 3rd period - Minor Penalty to Derek Meech for Hooking.
5:16 of 3rd period - Ben Eager wins face-off versus Kael Mouillierat in Griffins zone.
5:21 of 3rd period - Off-side.
5:22 of 3rd period - Kael Mouillierat wins face-off versus Ben Eager in neutral zone.
6:17 of 3rd period - Mark Mancari is hit by Patrick Bordeleau and loses puck.
6:42 of 3rd period - Slapshot by Patrick Bordeleau.
6:42 of 3rd period - Shot Misses the Net.
6:57 of 3rd period - Off-side.
6:58 of 3rd period - John McFarland wins face-off versus Anton Lander in neutral zone.
7:15 of 3rd period - Penalty to Derek Meech is over, Derek Meech is back on ice.
7:19 of 3rd period - Snap shot by Kael Mouillierat.
7:19 of 3rd period - Shot Blocked by John McFarland.
8:29 of 3rd period - Jake Newton is hit by Jordan Owens.
9:59 of 3rd period - Wrist shot by Tyler Pitlick.
9:59 of 3rd period - Stopped by Philipp Grubauer with a rebound.
10:19 of 3rd period - Slapshot by Anton Lander.
10:19 of 3rd period - Stopped by Joe Cannata with a rebound.
10:21 of 3rd period - Snap shot by Simon Moser.
10:21 of 3rd period - Shot Misses the Net.
10:45 of 3rd period - Derek Meech is hit by Kael Mouillierat and loses puck.
11:04 of 3rd period - Tyler Eckford is hit by Patrick Bordeleau and loses puck.
11:09 of 3rd period - Snap shot by Patrick Bordeleau.
11:09 of 3rd period - Shot Misses the Net.
11:11 of 3rd period - Slapshot by Raman Hrabarenka.
11:11 of 3rd period - Deflect By Kael Mouillierat.
11:11 of 3rd period - Shot Misses the Net.
11:11 of 3rd period - Puck is out of play.
11:12 of 3rd period - Kael Mouillierat wins face-off versus Robert Czarnik in Griffins zone.
12:00 of 3rd period - Slapshot by Scott Timmins.
12:00 of 3rd period - Stopped by Joe Cannata with a rebound.
12:02 of 3rd period - Wrist shot by Scott Timmins.
12:02 of 3rd period - Shot Misses the Net.
12:11 of 3rd period - Icing by Mark Mancari.
12:12 of 3rd period - Kael Mouillierat wins face-off versus Tyler Pitlick in Griffins zone.
12:58 of 3rd period - Wrist shot by John McFarland.
12:58 of 3rd period - Shot Misses the Net.
14:04 of 3rd period - Dmitry Korobov is hit by Mike Keenan and loses puck.
14:16 of 3rd period - Wrist shot by Simon Moser.
14:16 of 3rd period - Stopped by Joe Cannata with a rebound.
14:30 of 3rd period - Snap shot by Kael Mouillierat.
14:30 of 3rd period - Shot Misses the Net.
14:32 of 3rd period - Wrist shot by Kael Mouillierat.
14:32 of 3rd period - Shot Blocked by Mike Keenan.
14:34 of 3rd period - Slapshot by Kevin Czuczman.
14:34 of 3rd period - Stopped by Joe Cannata with a rebound.
14:36 of 3rd period - Slapshot by Magnus Nygren.
14:36 of 3rd period - Stopped by Joe Cannata with a rebound.
14:56 of 3rd period - Patrick Wellar is hit by Kevin Czuczman and loses puck.
16:22 of 3rd period - John McFarland is hit by Dmitry Korobov and loses puck.
17:58 of 3rd period - Mitchell Heard is hit by Kael Mouillierat and loses puck.
18:11 of 3rd period - Derek Meech is hit by Patrick Bordeleau and loses puck.
18:29 of 3rd period - Tyler Eckford is hit by Kevin Czuczman and loses puck.
19:00 of 3rd period - Wrist shot by Patrick Cehlin.
19:00 of 3rd period - Stopped by Joe Cannata with a rebound.
19:32 of 3rd period - Raman Hrabarenka is hit by Mitchell Heard and loses puck.
19:44 of 3rd period - Major / Game Misconduct Penalty to Kellan Lain for Spearing.
19:44 of 3rd period - Kellan Lain is ejected from game.
19:45 of 3rd period - Kael Mouillierat wins face-off versus Ben Eager in Griffins zone.
Goals for this period are 0 for Griffins vs 1 for Bruins.
Shots for this period are 1 for Griffins vs 11 for Bruins.


Output by the SimonT Hockey Simulator (STHS) for Eric Dolegowski -- Original Page W3C XHTML 1.0 Valid
Hockey Simulator - Hockey Simulation - Hockey Manager